 Dungeon Crawl Stone Soup version 0.21-a0-78-g82a99e0 (webtiles) character file.

327149 Kenran the Warrior (level 20, -11/189 HPs)
             Began as a Demigod Fighter on June 21, 2017.
             Killed from afar by a Tzitzimitl (31 damage)
             ... with a bolt of negative energy
             ... summoned by a deep elf demonologist
             ... led by an ironheart preserver
             ... on level 1 of the Vaults.
             The game lasted 02:15:31 (52949 turns).

Kenran the Warrior (Demigod Fighter)               Turns: 52949, Time: 02:15:32

Health: -11/189    AC: 37    Str: 21    XL:     20   Next: 25%
Magic:  0/27       EV: 16    Int: 12    God:
Gold:   982        SH:  0    Dex: 29    Spells: 16/19 levels left

rFire    + . .     SeeInvis .   a - +9 lajatang (vamp)
rCold    . . .     Gourm    .   (shield currently unavailable)
rNeg     . . .     Faith    .   T - +8 storm dragon scales
rPois    .         Spirit   +   u - +2 helmet
rElec    +         Reflect  .   H - +2 cloak {rF+}
rCorr    .         Harm     .   I - +2 pair of gloves {Dex+3}
MR       ++++.                  Z - +0 pair of boots
Stlth    ..........             B - amulet of Birdsong {Spirit MR+ Str-2 Dex+3}
HPRegen  0.41/turn              k - ring of protection from magic
MPRegen  0.20/turn              o - +3 ring of slaying

@: drained
A: talons 1, deterioration 1, high mp 1
}: 1/15 runes: gossamer
a: no special abilities


You were on level 1 of the Vaults.
You were not hungry.

You visited 6 branches of the dungeon, and saw 35 of its levels.
You also visited: Labyrinth and Volcano.

You collected 3260 gold pieces.
You spent 2278 gold pieces at shops.

Inventory:

Hand Weapons
 a - a +9 vampiric lajatang (weapon)
 b - a +0 great mace of flaming
Missiles
 j - 1146 stones (quivered)
Armour
 u - a +2 helmet (worn)
 G - the +2 swamp dragon scales of the Hanged Man {rPois Dex+10}
   (You took it off a minotaur in a labyrinth)

   It affects your dexterity (+10).
   It protects you from poison.
 H - a +2 cloak of fire resistance (worn)
 I - a +2 pair of gloves of dexterity (worn)
 T - +8 storm dragon scales (worn)
 Z - a +0 pair of boots (worn)
Jewellery
 k - a ring of protection from magic (left hand)
 n - an uncursed amulet of regeneration
 o - a +3 ring of slaying (right hand)
 t - a +3 ring of evasion
 B - the amulet of Birdsong (around neck) {Spirit MR+ Str-2 Dex+3}
   (You acquired it on level 3 of the Vaults)

   [amulet of guardian spirit]

   It causes incoming damage to be split between your health and magic.
   It affects your strength (-2).
   It affects your dexterity (+3).
   It affects your resistance to hostile enchantments.
 N - an uncursed ring of protection from cold
 U - an uncursed ring of resist corrosion
Wands
 d - a wand of digging (15/24)
 y - a wand of lightning (0/15)
 L - a wand of confusion (13/48)
 M - a wand of clouds (5/9)
 R - a wand of clouds (2/9)
Scrolls
 i - 5 scrolls of teleportation {@r4}
 m - 10 scrolls of recharging
 p - 18 scrolls of remove curse {@r2}
 q - 5 scrolls of immolation {!r}
 r - 4 scrolls of fog
 w - 4 scrolls of silence
 x - 3 scrolls of magic mapping
 C - 2 scrolls of fear
 S - 4 scrolls of blinking {@r3}
 Y - 3 scrolls of brand weapon
Potions
 e - 6 potions of ambrosia
 g - 7 potions of curing {@q1}
 l - 4 potions of resistance
 s - 6 potions of cancellation {@q6}
 v - 3 potions of lignification {!q}
 D - a potion of magic
 F - 2 potions of invisibility
 K - 5 potions of brilliance
 P - 6 potions of flight
 V - a potion of might {@q4}
Miscellaneous
 E - a box of beasts
 J - a fan of gales
Comestibles
 c - 5 chunks of flesh
 f - 19 bread rations {@e1}
 h - 12 meat rations {@e1}
 A - 14 fruits {@e3}
 W - a royal jelly {@e3}


   Skills:
 - Level 18.5(17.6) Fighting
   Level 10.4(13.8) Axes
 - Level 16.6(18.0) Maces & Flails
 - Level 13.1(15.5) Staves
 + Level 16.2(15.3) Armour
 + Level 9.4(8.6) Dodging
   Level 3.5(2.9) Shields
 - Level 4.3(3.6) Evocations


You had 16 spell levels left.
You knew the following spells:

 Your Spells              Type           Power        Failure   Level  Hunger
a - Apportation           Tloc           #.....       85%         1    ##.....
b - Blink                 Tloc           N/A          94%         2    ###....


Dungeon Overview and Level Annotations

Branches:
Dungeon (15/15)            Temple (0/1) D:6            Lair (6/6) D:10
 Shoals (4/4) Lair:3       Spider (4/4) Lair:2        Slime (0/5) Lair:5
    Orc (2/2) D:12            Elf (0/3) Orc:2        Vaults (4/5) D:14
  Crypt (0/3) Vaults:3     Depths (0/5) D:15

Shops:
D:5 }   Orc:1 (   Orc:2 (*%[   Vaults:2 =   Vaults:3 *

Annotations:
D:6 ogre!
D:13 exclusion: downstairs
D:14 Rupert
Shoals:4 Bai Suzhen


Innate Abilities, Weirdness & Mutations

You have an increased reservoir of magic. (+10% MP)
You have sharp toenails.
Your body sometimes deteriorates upon taking damage.


Message History

The Tzitzimitl calls on the powers of darkness!
The deep elf demonologist convulses!
Your body is wracked with pain!
* * * LOW HITPOINT WARNING * * *
The deep elf annihilator convulses!
You slice the deep elf annihilator!!
You kill the deep elf annihilator!
The red devil hits you from afar with a trident.
* * * LOW HITPOINT WARNING * * *
You feel much better. The red devil misses you.
The Brimstone Fiend calls on the powers of darkness!
The deep elf demonologist convulses!
Your body is wracked with pain!
* * * LOW HITPOINT WARNING * * *
The red devil disappears in a puff of smoke!
You see here 2 bolts.
There is an open door here.
The red devil disappears in a puff of smoke!
There is a stone staircase leading down here.
The Tzitzimitl gestures at you. The bolt of negative energy hits you!
You feel drained.
You die...

..▒ ▒.......▒▒.▒▒▒.▒ ▒.▒▒▒.▒▒...
..▒ ▒.......▒▒.▒ ▒.▒ ▒.▒ ▒.▒▒...
..▒ ▒.......▒▒▒▒▒▒▒▒▒▒▒▒▒▒▒▒▒..(
..▒ ▒.............(1............
..▒ ▒.............§.............
▒'▒ ▒.....▒▒▒▒▒▒▒'▒▒▒▒▒.........
).▒ ▒.....▒...........▒((.......
▒▒▒ ▒.....▒...........▒.).......
▒▒▒▒▒▒.....▒....@[.....▒(▒▒▒▒▒▒▒▒
.....▒.....▒...[.......▒1▒.......
.....▒.....▒...........▒1▒.......
.....▒.....▒...........▒.▒.......
.....▒.....▒▒▒▒▒▒▒▒▒▒▒▒▒e▒.......
.....'...................▒.......
.....▒................33.▒.......
▒▒▒▒▒▒...................▒▒▒▒▒▒▒▒
▒....................▒...▒..


You could see a Tzitzimitl.

Vanquished Creatures
  Xtahua (Vaults:4)
  Arachne (Spider:4)
  A titan (Vaults:2)
  Polyphemus (Shoals:3)
  A sphinx (Vaults:4)
  A kraken (Shoals:1)
  A storm dragon (Vaults:3)
  Donald (Vaults:1)
  Kirke (Lair:3)
  2 frost giants
  The ghost of DEFE the Fighter, a journeyman DrHu of Okawaru (D:15)
  A fire giant (Vaults:4)
  A deep elf sorcerer (Vaults:4)
  8 vault wardens
  3 ghost moths
  Aizul (Shoals:2)
  Louise (Spider:4)
  3 orc warlords
  8 emperor scorpions
  A ghoul (Vaults:3)
  15 ironheart preservers
  Nessos (D:15)
  10 stone giants
  A vampire knight (Vaults:3)
  3 very ugly things (Vaults:3)
  4 entropy weavers
  2 deep elf demonologists (Vaults:1)
  4 deep elf annihilators
  A merfolk javelineer (Shoals:2)
  A crystal guardian (Vaults:4)
  2 ettins (Vaults:4)
  2 eidola (Vaults:3)
  Josephine (Lair:4)
  A fire dragon (Vaults:3)
  A deep elf death mage (Vaults:3)
  7 yaktaur captains
  4 merfolk impalers
  A minotaur (Lab)
  2 ice dragons
  Harold (D:11)
  13 vault guards
  Erolcha (D:10)
  10 hydras
  4 merfolk avatars
  5 catoblepae
  37 two-headed ogres
  11 ogre magi
  An alligator snapping turtle (Shoals:4)
  4 merfolk aquamancers (Shoals:2)
  15 death yaks
  7 centaur warriors
  3 satyrs
  An alligator (Lair:5)
  2 death knights
  2 tengu warriors (D:14)
  4 deep troll earth magi
  A deep troll shaman (Vaults:4)
  8 orc high priests
  4 deep elf knights
  Urug (D:15)
  A hell knight (Vaults:1)
  7 deep trolls
  A flayed ghost (Vaults:2)
  4 sea snakes
  4 unseen horrors
  3 glowing orange brains
  24 orc knights
  10 deep elf archers
  3 wizards
  18 harpies
  14 ironbrand convokers
  3 necromancers
  An orb spider (shapeshifter) (Vaults:4)
  2 phantasmal warriors
  18 deep elf magi
  A harpy (shapeshifter) (D:14)
  25 orb spiders
  9 orc sorcerers
  30 wolf spiders
  A sphinx skeleton (Vaults:3)
  A frost giant zombie (Vaults:4)
  23 fauns
  35 ugly things
  7 cyclopes
  11 manticores
  A stone giant zombie (Vaults:4)
  4 elephants
  2 moths of wrath
  A water nymph (Shoals:3)
  2 centaur zombies
  2 torpor snails
  A guardian serpent (shapeshifter) (Vaults:2)
  15 vault sentinels
  5 black mambas
  A stone giant skeleton (Vaults:4)
  6 merfolk sirens
  8 spiny frogs
  3 gargoyles
  5 rime drakes
  4 kobold demonologists
  5 komodo dragons
  8 freezing wraiths
  9 demonic crawlers
  19 yaktaurs
  A human skeleton (Vaults:4)
  A queen bee (Spider:1)
  8 trolls
  33 jumping spiders
  A tengu conjurer (D:14)
  A shadow dragon simulacrum (Vaults:3)
  6 meliai
  2 wind drakes
  35 merfolk
  7 hornets
  4 polar bears
  9 blink frogs
  23 slime creatures
  12 hippogriffs
  5 dream sheep
  12 snapping turtles
  A fire giant simulacrum (Vaults:4)
  A hippogriff (shapeshifter) (Vaults:4)
  95 redbacks
  A spriggan (D:7)
  11 water elementals
  A shadow (D:13)
  7 wraiths
  40 yaks
  A vampire (D:15)
  38 tarantellas
  3 hogs (Lair:3)
  A yak (shapeshifter) (Vaults:1)
  A basilisk (shapeshifter) (D:14)
  A wyvern (Lair:4)
  A hungry ghost (D:15)
  2 basilisks
  3 vampire mosquitoes (D:15)
  8 wargs
  2 acid dragons
  A soldier ant (D:15)
  A soldier ant (shapeshifter) (Vaults:3)
  8 porcupines
  13 water moccasins
  78 orc warriors
  A hornet zombie (D:15)
  5 sky beasts
  An eye of draining (D:14)
  5 ice beasts
  5 phantoms
  An ettin simulacrum (Vaults:2)
  A necrophage (D:10)
  31 ogres
  9 centaurs
  An eye of draining (shapeshifter) (Vaults:1)
  17 wolves
  9 crocodiles
  An elf skeleton (Vaults:4)
  6 big kobolds
  A human zombie (Vaults:3)
  17 bullfrogs
  5 gnoll sergeants
  2 scorpions
  17 killer bees
  An elf simulacrum (Vaults:3)
  17 wights
  A howler monkey (D:13)
  3 jellies
  A bullfrog zombie (D:9)
  9 crimson imps
  10 hounds
  2 human simulacra
  A quasit (D:10)
  8 centaur skeletons
  20 orc wizards
  57 orc priests
  A bullfrog skeleton (D:13)
  A gnoll shaman (D:10)
  4 iguanas
  12 worker ants
  A killer bee zombie (D:7)
  A hound zombie (D:9)
  4 hound skeletons
  A worker ant zombie (D:10)
  31 gnolls
  18 adders
  4 shadow imps
  2 adder skeletons (D:9)
  An adder zombie (D:10)
  A worm (D:2)
  4 dart slugs
  3 leopard geckos
  113 orcs
  4 giant cockroaches
  11 goblins
  5 hobgoblins
  21 jackals
  5 quokkas
  3 bats
  6 frilled lizards
  20 kobolds
  3 leopard gecko skeletons
  2 leopard gecko zombies
  A quokka skeleton (D:4)
  6 rats
  5 fungi
  4 plants
  4 tentacles (Shoals:1)
1640 creatures vanquished.

Vanquished Creatures (others)
  2 ogre magi (Vaults:2)
  2 jumping spiders (Spider:1)
  A centaur (Vaults:2)
  An orc wizard (Vaults:4)
  An orc (Orc:2)
  7 fungi
  17 plants
  3 tentacles (Shoals:1)
34 creatures vanquished.

Grand Total: 1674 creatures vanquished

Notes
Turn   | Place    | Note
-------+----------+-------------------------------------------
     0 | D:1      | Kenran the Demigod Fighter began the quest for the Orb.
     0 | D:1      | Reached XP level 1. HP: 18/18 MP: 3/3
   295 | D:1      | Reached XP level 2. HP: 25/25 MP: 4/4
   848 | D:2      | Reached XP level 3. HP: 23/30 MP: 5/5
  1481 | D:2      | Reached XP level 4. HP: 34/37 MP: 6/6
  1506 | D:2      | Found an iron altar of Okawaru.
  2107 | D:3      | Noticed a centaur
  2123 | D:3      | Killed a centaur
  2123 | D:3      | Reached skill level 5 in Maces & Flails
  2123 | D:3      | Reached XP level 5. HP: 24/42 MP: 7/7
  2447 | D:4      | Noticed a phantom
  2499 | D:4      | Killed a phantom
  2499 | D:4      | Reached skill level 3 in Fighting
  2532 | D:4      | Reached XP level 6. HP: 35/51 MP: 8/8
  3649 | D:4      | Found a deep blue altar of Sif Muna.
  3715 | D:5      | Entered Level 5 of the Dungeon
  3901 | D:5      | Found Liraecus's Gadget Boutique.
  4111 | D:5      | Reached XP level 7. HP: 25/57 MP: 9/9
  4831 | D:6      | Found a staircase to the Ecumenical Temple.
  4988 | D:6      | Found an ornate altar of the Wu Jian Council.
  6161 | D:6      | Reached XP level 8. HP: 63/63 MP: 10/10
  6477 | D:7      | Found a burning altar of Makhleb.
  6948 | D:7      | Reached skill level 10 in Maces & Flails
  6967 | D:7      | Got a pitted chain mail
  6986 | D:7      | Identified the cursed +0 chain mail of Seitod {rN+++ rCorr Int-5 Dex-2} (You found it on level 7 of the Dungeon)
  7253 | D:7      | Gained mutation: You have sharp toenails. [potion of mutation]
  7253 | D:7      | Gained mutation: You are agile. (Dex +2) [potion of mutation]
  7796 | D:7      | Reached skill level 4 in Fighting
  8433 | D:7      | Noticed a hippogriff
  8478 | D:7      | Killed a hippogriff
  8478 | D:7      | Reached XP level 9. HP: 70/73 MP: 11/11
  8644 | D:8      | Reached skill level 5 in Fighting
  8644 | D:8      | Reached skill level 5 in Armour
  9103 | D:8      | Identified the Tome of the Entourage and Changing
  9247 | D:8      | Reached skill level 1 in Axes
  9261 | D:8      | Noticed a two-headed ogre
 10722 | D:9      | Reached skill level 5 in Axes
 10761 | D:9      | Found a shadowy altar of Dithmenos.
 10882 | D:9      | Noticed a two-headed ogre
 10897 | D:9      | Killed a two-headed ogre
 10897 | D:9      | Reached XP level 10. HP: 36/83 MP: 13/13
 11336 | D:9      | Reached skill level 6 in Fighting
 11893 | D:10     | Entered Level 10 of the Dungeon
 12150 | D:10     | Noticed Erolcha
 12455 | D:10     | Killed Erolcha
 12455 | D:10     | Reached skill level 7 in Fighting
 13225 | D:10     | Found a staircase to the Lair.
 13241 | Lair:1   | Entered Level 1 of the Lair of Beasts
 13294 | Lair:1   | Reached XP level 11. HP: 50/91 MP: 14/14
 13399 | Lair:1   | Found a dark tunnel.
 13409 | Volcano  | Entered a volcano
 13427 | Volcano  | Noticed a two-headed ogre
 13435 | Volcano  | Killed a two-headed ogre
 13450 | Volcano  | Noticed a two-headed ogre
 13450 | Volcano  | Noticed a two-headed ogre
 13450 | Volcano  | Noticed a red draconian
 13456 | Volcano  | Killed a two-headed ogre
 13456 | Volcano  | Reached skill level 10 in Axes
 13463 | Volcano  | Killed a two-headed ogre
 13470 | Volcano  | HP: 4/92 [/a scroll of torment (2)]
 13815 | Lair:1   | Noticed a seven-headed hydra
 13865 | Lair:2   | Found a hole to the Spider Nest.
 13999 | Lair:2   | Found a labyrinth entrance.
 14027 | Lab      | Entered a labyrinth
 14449 | Lab      | Noticed a minotaur
 14476 | Lab      | Killed a minotaur
 14479 | Lab      | Got ichor-stained swamp dragon scales
 14482 | Lab      | Identified Sif Muna's Wizardry, Part Six
 14482 | Lab      | Identified the Guide on Ashen Lightness
 14754 | Lab      | Identified the +2 swamp dragon scales of the Hanged Man {rPois Dex+10} (You took it off a minotaur in a labyrinth)
 15785 | Lair:1   | Reached skill level 8 in Fighting
 15824 | Lair:1   | Killed a seven-headed hydra
 16531 | Lair:1   | Reached skill level 1 in Dodging
 16732 | Lair:2   | Reached skill level 9 in Fighting
 16732 | Lair:2   | Reached XP level 12. HP: 88/104 MP: 15/15
 16881 | Lair:3   | Learned a level 1 spell: Apportation
 16957 | Lair:3   | Found a staircase to the Shoals.
 17348 | Lair:3   | Noticed a five-headed hydra
 17359 | Lair:3   | Killed a five-headed hydra
 17558 | Lair:3   | Noticed a five-headed hydra
 17570 | Lair:3   | Killed a five-headed hydra
 17570 | Lair:3   | Reached skill level 10 in Fighting
 18122 | Lair:4   | Noticed Josephine
 18221 | Lair:4   | Noticed Kirke
 18375 | Lair:3   | Killed Kirke
 18541 | Lair:4   | Killed Josephine
 18541 | Lair:4   | Reached skill level 11 in Fighting
 20148 | Lair:3   | Noticed a catoblepas
 20169 | Lair:3   | Killed a catoblepas
 20441 | Lair:4   | Reached skill level 12 in Fighting
 20613 | Lair:5   | Noticed a six-headed hydra
 20682 | Lair:4   | Reached XP level 13. HP: 118/118 MP: 16/16
 21000 | Lair:5   | Found a staircase to the Slime Pits.
 21305 | Lair:6   | Entered Level 6 of the Lair of Beasts
 23331 | Lair:6   | Identified a scroll of acquirement
 23992 | D:11     | Reached XP level 14. HP: 78/126 MP: 17/17
 24410 | D:11     | Found Nojuack's Distillery.
 24636 | D:11     | Noticed Harold
 24659 | D:11     | Killed Harold
 25134 | D:12     | Found a staircase to the Orcish Mines.
 25344 | D:12     | Got a bloodstained whip
 25345 | D:12     | Identified the +4 whip of Dullness {venom, MP+9 Str+5 Dex+4} (You found it on level 12 of the Dungeon)
 25409 | D:12     | Found a shimmering altar of Xom.
 25410 | D:12     | Found a shimmering altar of Xom.
 25410 | D:12     | Found a shimmering altar of Xom.
 25411 | D:12     | Found a shimmering altar of Xom.
 25412 | D:12     | Found a shimmering altar of Xom.
 25414 | D:12     | Found a shimmering altar of Xom.
 26062 | D:13     | Reached skill level 15 in Maces & Flails
 27721 | D:14     | Noticed Rupert
 29214 | D:14     | Found a gate to the Vaults.
 29550 | D:15     | Entered Level 15 of the Dungeon
 29667 | D:15     | Noticed DEFE's ghost (journeyman DrHu)
 29727 | D:15     | Noticed Urug
 29774 | D:15     | Killed Urug
 30084 | D:15     | Reached XP level 15. HP: 78/134 MP: 18/18
 30705 | D:15     | Reached skill level 13 in Fighting
 30781 | D:15     | Found a staircase to the Depths.
 30872 | D:15     | Killed DEFE's ghost
 31016 | D:15     | Noticed Nessos
 31200 | D:15     | Killed Nessos
 31248 | D:15     | Reached skill level 10 in Armour
 31677 | Orc:1    | Entered Level 1 of the Orcish Mines
 31713 | Orc:1    | Found Irebim's Weapon Boutique.
 31931 | Orc:1    | Bought a +2 vampiric lajatang for 969 gold pieces
 31939 | Orc:2    | Entered Level 2 of the Orcish Mines
 32165 | Orc:2    | Reached skill level 1 in Staves
 33100 | Orc:1    | Reached skill level 5 in Staves
 33617 | Orc:2    | Found a staircase to the Elven Halls.
 34872 | Orc:2    | Found Sulaun Xeivu's Antique Weapon Boutique.
 34875 | Orc:2    | Found Figejen's Food Shop.
 34875 | Orc:2    | Found Haische Ekuo's Assorted Antiques.
 34876 | Orc:2    | Found Oschihuel's Armour Boutique.
 35103 | Orc:2    | Bought a dented beryl amulet for 170 gold pieces
 35369 | Spider:1 | Entered Level 1 of the Spider Nest
 35970 | Spider:1 | Reached XP level 16. HP: 142/144 MP: 19/19
 36667 | Spider:1 | Reached skill level 10 in Staves
 39112 | Spider:4 | Entered Level 4 of the Spider Nest
 39154 | Spider:4 | Noticed Arachne
 39177 | Spider:4 | Reached skill level 1 in Evocations
 39252 | Spider:4 | Noticed Louise
 39290 | Spider:4 | Killed Louise
 39359 | Spider:4 | Killed Arachne
 39359 | Spider:4 | Reached skill level 5 in Dodging
 40598 | Spider:4 | Reached XP level 17. HP: 151/151 MP: 23/23
 40697 | Spider:4 | Reached skill level 14 in Fighting
 41094 | Spider:4 | Got a gossamer rune of Zot
 41425 | Shoals:1 | Entered Level 1 of the Shoals
 43081 | Shoals:3 | Noticed Aizul
 43104 | Shoals:2 | Killed Aizul
 43686 | Shoals:3 | Noticed Polyphemus
 43747 | Shoals:3 | Killed Polyphemus
 44656 | Shoals:4 | Entered Level 4 of the Shoals
 44660 | Shoals:4 | Noticed Bai Suzhen
 44810 | Shoals:4 | Reached XP level 18. HP: 77/161 MP: 25/25
 45195 | Vaults:1 | Entered Level 1 of the Vaults
 45792 | Vaults:1 | Noticed Donald
 46373 | Vaults:1 | Killed Donald
 46373 | Vaults:1 | Reached skill level 15 in Fighting
 46719 | Vaults:1 | Noticed a Hell Sentinel
 46723 | Vaults:1 | Gained mutation: Your body sometimes deteriorates upon taking damage. [a cacodemon]
 46725 | Vaults:1 | Lost mutation: You are agile. (Dex +2) [a cacodemon]
 47642 | Vaults:2 | Found Aresayl's Jewellery Shoppe.
 47661 | Vaults:2 | Bought an uncursed ring of protection from cold for 375 gold pieces
 47789 | Vaults:2 | Reached skill level 15 in Armour
 48741 | Vaults:3 | Reached XP level 19. HP: 129/170 MP: 26/26
 49203 | Vaults:3 | Found Mozaes Lexef's Assorted Antiques.
 49210 | Vaults:3 | Bought a scroll of enchant weapon for 337 gold pieces
 49210 | Vaults:3 | Bought a faintly humming helmet for 427 gold pieces
 49214 | Vaults:3 | Learned a level 2 spell: Blink
 49225 | Vaults:3 | Identified the +0 helmet of the Guardian {Dex+5} (You bought it in a shop on level 3 of the Vaults)
 49561 | Vaults:3 | Found a staircase to the Crypt.
 50012 | Vaults:3 | Reached skill level 16 in Fighting
 50071 | Vaults:3 | Got a scorched amethyst amulet
 50072 | Vaults:3 | Identified the amulet of Birdsong {Spirit MR+ Str-2 Dex+3} (You acquired it on level 3 of the Vaults)
 51228 | Vaults:4 | Found a roughly hewn altar of Beogh.
 51367 | Vaults:4 | Reached skill level 17 in Fighting
 51994 | Vaults:4 | Reached XP level 20. HP: 184/187 MP: 25/27
 52033 | Vaults:4 | Reached skill level 18 in Fighting
 52560 | Vaults:4 | Noticed Xtahua
 52609 | Vaults:4 | Killed Xtahua
 52934 | Vaults:1 | HP: 9/189 [???[an ironheart preserver] (5)]
 52949 | Vaults:1 | Killed from afar by a Tzitzimitl

Vault maps used:
D:1:      sevenhm_arrival_forest_fort_small_4
D:2:      kennysheep_the_goblin_king, kennysheep_okawaru_gauntlet
D:4:      first_bread, minmay_misc_feat_roman, led_sif_pool
D:5:      serial_shops, shop, grunt_ministairs_9
D:6:      nicolae_overflow_hidden_temple, minmay_temple_entry_from_below_a
D:7:      basic_altar, the_bakery
D:8:      grunt_tough_drop
D:9:      serial_co_window_serial, co_window_cross_1,
          co_window_of_opportunity_a, co_window_corner_a, co_window_paths_a,
          co_window_paths_b, co_window_of_opportunity_b, co_window_2corner,
          co_window_cross_3, co_window_paths_c, co_window_broadway_b,
          co_window_broadway_c, co_window_paths_e, co_window_sun,
          glass_columns_a, glass_columns_b,
          nicolae_dithmenos_through_a_glass_darkly
D:10:     lair_entry_dummy, uniq_erolcha
D:11:     serial_shops, nicolae_shop_crystal, uniq_harold
D:12:     kennysheep_orc_monster_closet_entryway, wad_floor_pattern_untrapped,
          xom_shifter_show
D:13:     serial_glass, glass_columns_a, glass_columns_b
D:14:     grunt_vaults_entry_fortified, minmay_misc_feat_five, uniq_rupert
D:15:     grunt_enter_depths_snipers, uniq_urug, uniq_nessos
Lair:1:   enter_volcano_1, st_stairs_8, lemuel_fruit_fields
Lair:2:   spider_nest_entry_web_field, lab_entry_generic
Lair:3:   minmay_shoals_entry_beasts, kennysheep_catoblepas_arena
Lair:4:   portal_ice_cave_rime, minivault_19, lemuel_fruit_tree, uniq_kirke,
          uniq_josephine
Lair:5:   slime_dummy, serial_bayou_shore_b, grunt_megastairs_4,
          serial_bayou_shore_a
Lair:6:   evilmike_catoblepas_cave
Shoals:2: cheibrodos_shoals_oceanic_diplomacy
Shoals:3: nicolae_shoals_flooded_hall, uniq_polyphemus, uniq_aizul
Shoals:4: shoals_end_grunt_garden, shoals_ilsuiw_alternative, uniq_bai_suzhen
Spider:1: nicolae_looking_at_the_future
Spider:4: grunt_spider_rune_circles, uniq_louise, uniq_arachne
Orc:1:    serial_shops, nicolae_shop_window_shopping
Orc:2:    st_orc_pillars
Vaults:1: nicolae_vaults_branching_niches, hangedman_vaults_cutoff,
          hangedman_vaults_locks, nicolae_vaults_sealed_display,
          vaults_mumra_chevron_long, uniq_donald
Vaults:2: vaults_mumra_bighexcomb, nicolae_vaults_circle_grid_b,
          nicolae_vaults_little_ls, grunt_vaults_bifocal, v_misc_22,
          vaults_mumra_minichess_inversion, nicolae_vaults_theta,
          ontoclasm_vaults_claustrophobia, nicolae_vaults_little_squares_2,
          v_alt_pattern_6, hangedman_vaults_stream, serial_shops, shop_coins
Vaults:3: v_pattern_3, v_misc_33, minmay_crypt_entry_simple_statues,
          vaults_room_glass_cross, ontoclasm_vaults_loading_screen,
          ontoclasm_vaults_idyll, v_misc_28, hangedman_vaults_snaps,
          grunt_vaults_funnel, v_rooms_4, ontoclasm_vaults_ring_square,
          nicolae_vaults_gold_heap, serial_shops,
          nicolae_shop_overgrown_old_shop
Vaults:4: special_room_vaults, nicolae_vaults_asterisk,
          ontoclasm_vaults_gateway, vaults_mumra_hex, vaults_dpeg_spiral,
          vaults_room_ringed_pool, ontoclasm_vaults_twist, v_pattern_5,
          hangedman_vaults_restitches, hangedman_vaults_restitches,
          hangedman_vaults_restitches, v_misc_4, uniq_xtahua
Lab:      labyrinth_spiral, nicolae_lab_starburst, nicolae_lab_very_dead_end
Volcano:  volcano_pools

Skill      XL: |  1  2  3  4  5  6  7  8  9 10 11 12 13 14 15 16 17 18 19 20 |
---------------+-------------------------------------------------------------+-----
Maces & Flails | 2 3 4 5 7 9 10 14 16 | 16.6
Fighting       | 3 4 5 7 9 12 13 14 15 17 18 | 18.5
Armour         | 3 4 5 6 8 9 10 13 15 16 | 16.2
Axes           | 5 8 10 | 10.4
Shields        | 3 |  3.5
Dodging        | 1 4 6 8 9 |  9.4
Staves         | 9 12 13 | 13.1
Evocations     | 3 4 |  4.3

Action                   |  1- 3 |  4- 6 |  7- 9 | 10-12 | 13-15 | 16-18 | 19-21 || total
-------------------------+-------+-------+-------+-------+-------+-------+-------++-------
Melee: Flail             |   130 |   256 |   628 |       |       |       |       ||  1014
       Kick              |       |       |   178 |   198 |       |       |       ||   376
       Morningstar       |       |       |    37 |    53 |    45 |       |       ||   135
       War axe           |       |       |     8 |   675 |   316 |       |       ||   999
       Great mace        |       |       |       |       |   819 |       |       ||   819
       Lajatang          |       |       |       |       |   589 |  2284 |  1119 ||  3992
Throw: Stone             |       |    23 |   105 |    25 |   232 |   281 |    43 ||   709
Evoke: Wand              |       |       |       |     2 |     2 |     7 |       ||    11
       Fan of gales      |       |       |       |     1 |       |       |       ||     1
  Use: Scroll            |     3 |     9 |    10 |    14 |    18 |    13 |     4 ||    71
       Potion            |       |       |     6 |    10 |     4 |     5 |     2 ||    27
 Stab: Paralysed         |       |       |     5 |       |       |       |       ||     5
       Invisible         |       |       |       |     9 |       |    11 |       ||    20
       Petrified         |       |       |       |     5 |       |     9 |       ||    14
       Petrifying        |       |       |       |     1 |       |       |       ||     1
       Distracted        |       |       |       |       |       |     1 |       ||     1
       Confused          |       |       |       |       |       |     1 |       ||     1
  Eat: Chunk             |     2 |     7 |    12 |    14 |    39 |    38 |    15 ||   127
       Royal jelly       |       |     1 |     4 |     6 |       |     3 |       ||    14
       Fruit             |       |       |     2 |     1 |     5 |       |     1 ||     9
       Bread ration      |       |       |       |     2 |     1 |       |       ||     3
       Meat ration       |       |       |       |       |     1 |       |       ||     1
Armor: Scale mail        |    41 |    63 |       |       |       |       |       ||   104
       Chain mail        |       |    28 |    51 |       |       |       |       ||    79
       Plate armour      |       |       |   288 |   163 |       |       |       ||   451
       Storm dragon scal |       |       |       |   218 |   902 |  1006 |   699 ||  2825
       Swamp dragon scal |       |       |       |       |    65 |   468 |       ||   533
Dodge: Dodged            |    34 |    59 |    87 |   219 |  1187 |  1748 |   863 ||  4197
Block: Shield            |    70 |   152 |   338 |   419 |   227 |       |       ||  1206
